 Dungeon Crawl Stone Soup version 0.19-a0-1111-gcceb26a (webtiles) character file.

129 epen the Ducker (level 4, 0/22 HPs)
             Began as a Felid Monk on Aug 11, 2016.
             Slain by a phantom (10 damage)
             ... on level 4 of the Dungeon.
             The game lasted 00:05:07 (4138 turns).

epen the Ducker (Felid Monk)                        Turns: 4138, Time: 00:05:07

Health: 0/22       AC:  1    Str:  7    XL:     4   Next: 88%
Magic:  5/5        EV: 20    Int: 12    God:
Gold:   91         SH:  0    Dex: 19    Spells: 0 memorised, 3 levels left
                                        Lives:  0   Deaths: 1

rFire  . . .     SeeInvis +       - Unarmed
rCold  . . .     Gourm    .     (armour unavailable)
rNeg   . . .     Faith    .     (shield unavailable)
rPois  .         Spirit   .     (helmet unavailable)
rElec  .         Dismiss  .     (cloak unavailable)
rCorr  .         Reflect  .     (gloves unavailable)
SustAt +         Harm     .     (boots unavailable)
MR     .....                    o - amulet of rage
Stlth  ++++......               (no ring)
                                r - ring of sustain attributes

@: exhausted, slowed, slow
A: no armour, no weapons or thrown items, claws 1, fangs 3, see invisible,
carnivore 3, speed 1, shaggy fur 1, slow metabolism 1, sharp paws
a: Evoke Berserk Rage


You were on level 4 of the Dungeon.
You were not hungry.

You visited 1 branch of the dungeon, and saw 4 of its levels.

You collected 91 gold pieces.

Inventory:

Jewellery
 o - an amulet of rage (around neck)
 r - a ring of sustain attributes (left paw)
Scrolls
 c - a scroll of recharging {unknown}
 d - a scroll of immolation {unknown}
 f - 2 scrolls of random uselessness {unknown}
 h - 7 scrolls of identify {unknown}
 i - 2 scrolls of enchant armour {unknown}
 j - 2 scrolls of noise {unknown}
 k - 2 scrolls of enchant weapon {unknown}
 l - 3 scrolls of remove curse {unknown}
Potions
 b - a potion of berserk rage
 e - a potion of cure mutation {unknown}
 g - 4 potions of curing
 m - 2 potions of lignification {unknown}
 p - a potion of agility {unknown}
 q - a potion of might {unknown}
Comestibles
 a - 2 meat rations
 n - 2 beef jerkies


   Skills:
 + Level 4.1 Fighting
 + Level 4.6 Dodging
 + Level 4.1 Stealth
 * Level 4.6 Unarmed Combat
 + Level 0.7 Evocations


You had 3 spell levels left.
You didn't know any spells.

Dungeon Overview and Level Annotations

Branches:
Dungeon (4/15)
 Temple: D:4-7

Altars:
Nemelex Xobeh
Sif Muna
Trog

Annotations:
D:3 1 runed door


Innate Abilities, Weirdness & Mutations

You cannot wear armour.
You are incapable of wielding weapons or throwing items.
You have sharp claws.
You have razor-sharp teeth.
You have supernaturally acute eyesight. (SInv)
You are carnivorous and can eat meat at any time.
You cover ground quickly.
You are covered in fur. (AC +1)
You have a slow metabolism.
Your sharp claws are effective at attacking unaware monsters.


Message History

The phantom blinks!
It was a potion of curing.
You feel better. The phantom hits you.
You scratch the phantom.
The phantom is severely damaged.
The phantom completely misses you.
You scratch the phantom but do no damage.
Your bite misses the phantom.
The phantom is severely damaged.
The phantom closely misses you. The phantom completely misses you.
You scratch the phantom.
The phantom is almost destroyed.
The phantom hits you.
You closely miss the phantom.
The phantom is almost destroyed.
The phantom completely misses you.
You scratch the phantom but do no damage.
The phantom is almost destroyed.
The phantom hits you!
You die...

#...........#
#...........#
#####.....?.#
#.......#
#.......#
#../....#
#.......#
######W#####
#.....@#
#....$.#
#......#
#......##
+.......#
#.....###
#....###
#.##.# #. #.#


You could see a phantom.

Vanquished Creatures
  An orc wizard (D:3)
  Natasha (D:3)
  5 adders
  2 oozes
  A worm (D:4)
  2 dart slugs (D:3)
  A giant gecko (D:2)
  5 orcs (D:3)
  5 giant cockroaches
  8 hobgoblins
  9 jackals
  4 quokkas
  A ball python (D:1)
  7 bats
  2 giant newts
  9 goblins
  8 kobolds
  9 rats
80 creatures vanquished.

Notes
Turn   | Place    | Note
-------+----------+-------------------------------------------
     0 | D:1      | epen the Felid Monk began the quest for the Orb.
     0 | D:1      | Reached XP level 1. HP: 10/10 MP: 2/2
   604 | D:1      | Reached XP level 2. HP: 10/14 MP: 3/3
  1579 | D:2      | Reached XP level 3. HP: 17/17 MP: 4/4
  2077 | D:2      | Found a bloodstained altar of Trog.
  2448 | D:3      | Reached XP level 4. HP: 10/21 MP: 5/5
  3263 | D:3      | Found a sparkling altar of Nemelex Xobeh.
  3427 | D:3      | Found a deep blue altar of Sif Muna.
  3619 | D:3      | Noticed Natasha
  3625 | D:3      | HP: 1/22 [Natasha (7)]
  3629 | D:3      | Killed Natasha
  3629 | D:3      | Reached XP level 5. HP: 2/25 MP: 6/6
  3631 | D:3      | Slain by an orc
  3632 | D:3      | Reached XP level 4. HP: -1/33 MP: 5/5
  3954 | D:3      | Found a runed door.
  4109 | D:4      | Noticed a phantom
  4138 | D:4      | Slain by a phantom

Vault maps used:
D:1:      dpeg_arrival_concentric_ovals
D:2:      bloody_trog
D:3:      lemuel_doored_altar, nemelex_xobeh_ov_fountains_minmay,
          kennysheep_boxes, uniq_crazy_yiuf_cottage, uniq_natasha
D:4:      johnstein_pakellas_death_squad

Skill      XL: |  1  2  3  4 |
---------------+-------------+-----
Stealth        | 3 4 |  4.1
Unarmed Combat | 4 |  4.6
Fighting       | 4 |  4.1
Dodging        | |  4.6
Evocations     | |  0.7

Action                   |  1- 3 |  4- 6 || total
-------------------------+-------+-------++-------
Melee: Unarmed           |   128 |    94 ||   222
       Bite              |     7 |     7 ||    14
       Punch             |       |     2 ||     2
 Abil: Evoke Berserk Rag |       |     2 ||     2
  Use: Potion            |       |     2 ||     2
 Stab: Sleeping          |     9 |     7 ||    16
       Distracted        |       |     1 ||     1
  Eat: Chunk             |     9 |     4 ||    13
Armor: Skin              |     7 |     1 ||     8
Dodge: Dodged            |    83 |    58 ||   141
